 Dungeon Crawl Stone Soup version 0.23.2 (webtiles) character file.

Game seed: 18400361436752194445

65 Illumine the Vexing (level 3, -1/19 HPs)
             Began as a Deep Elf Enchanter on Oct 18, 2019.
             Slain by a worm (9 damage)
             ... on level 3 of the Dungeon.
             The game lasted 00:05:00 (2000 turns).

Illumine the Vexing (Deep Elf Enchanter)            Turns: 2000, Time: 00:05:00

Health: -1/19      AC:  2    Str:  5    XL:     3   Next: 94%
Magic:  7/10       EV: 13    Int: 20    God:
Gold:   61         SH:  0    Dex: 15    Spells: 0/9 levels left

rFire    + . .     SeeInvis .   a - +1 dagger
rCold    . . .     Gourm    .   (no shield)
rNeg     . . .     Faith    .   b - +0 robe
rPois    .         Spirit   .   (no helmet)
rElec    .         Reflect  .   (no cloak)
rCorr    .         Harm     .   (no gloves)
MR       .....                  (no boots)
Stlth    +++.......             (no amulet)
HPRegen  0.06/turn              r - ring of protection from fire
MPRegen  0.12/turn              (no ring)

@: no status effects
A: no striking features
a: no special abilities


You were on level 3 of the Dungeon.
You were hungry.

You visited 1 branch of the dungeon, and saw 4 of its levels.

You collected 61 gold pieces.

Inventory:

Hand Weapons
 a - a +1 dagger (weapon)
Missiles
 c - 14 tomahawks (quivered)
 o - 6 needles of sleeping
Armour
 b - a +0 robe (worn)
Magical Staves
 p - an uncursed staff of summoning
Jewellery
 h - an uncursed ring of fire
 m - an uncursed ring of fire
 r - a ring of protection from fire (left hand)
Scrolls
 e - a scroll of noise {unknown}
 g - a scroll of magic mapping {unknown}
 k - a scroll of enchant weapon {unknown}
 l - a scroll of remove curse {unknown}
 n - a scroll of fog {unknown}
 q - a scroll of immolation {unknown}
 s - 2 scrolls of amnesia {unknown}
Potions
 f - 2 potions of brilliance {unknown}
 i - a potion of curing {unknown}
 j - a potion of mutation {unknown}
 t - a potion of heal wounds {unknown}
Comestibles
 d - 4 rations


   Skills:
 + Level 1.4 Short Blades
 + Level 3.3 Dodging
 - Level 4.0 Stealth
 + Level 3.8 Spellcasting
 + Level 4.7 Hexes


You couldn't memorise any spells.
You knew the following spells:

 Your Spells              Type           Power        Failure   Level  Hunger
a - Corona                Hex            ###....      1%          1    None
b - Ensorcelled Hibernat  Hex/Ice        ##....       8%          2    ##.....
c - Confuse               Hex            ###.....     5%          3    ###....
d - Tukima's Dance        Hex            ###.....     5%          3    ###....

Your spell library contained the following spells:

 Spells                   Type           Power        Failure   Level  Hunger
 Dazzling Spray           Conj/Hex       ##....       14%         3    ###....


Dungeon Overview and Level Annotations

Branches:
Dungeon (4/15)
 Temple: D:4-7

Altars:
Ashenzari
Gozag


Message History

Aim: a worm (softly glowing)
You throw a tomahawk. The tomahawk hits the worm.
The worm is lightly wounded.
Casting: Corona (safe; 1% risk of failure)
Confirm with . or Enter, or press ? or * to list all spells.
Aiming: Ensorcelled Hibernation (safe; 8% risk of failure)
Press: ? - help, Shift-Dir - straight line, f/p - worm
Aim: a worm (softly glowing, chance to defeat MR: 52%)
The worm looks drowsy...
The helpless worm fails to defend itself.
You puncture the worm!
The worm is almost dead.
The worm bites you!
Ouch! That really hurt!
You hit the worm.
The worm is almost dead.
You hit the worm.
The worm is almost dead.
The worm bites you!
You die...

# #.##### ....... .......
###
.......####.###########
........(....(w@......####
.......####.######.......#
....... ### #.##.#..#
....... ### ###<##.#..#
..o.... .. #...##.#..#
###..## #.# ###.###.#...#
#..#####.###.....####..#
...[......#.8...8.# ##.##
#.##.....#.......## ##.#


You could see a worm.

Vanquished Creatures
  3 adders (D:2)
  An adder skeleton (D:4)
  2 dart slugs (D:1)
  A leopard gecko (D:1)
  A giant cockroach (D:2)
  3 goblins
  4 hobgoblins
  2 jackals (D:2)
  3 quokkas
  5 bats
  2 frilled lizards
  A kobold (D:1)
  2 rats (D:2)
30 creatures vanquished.

Notes
Turn   | Place    | Note
-------+----------+-------------------------------------------
     0 | D:1      | Illumine the Deep Elf Enchanter began the quest for the
                  | Orb.
     0 | D:1      | Reached XP level 1. HP: 10/10 MP: 6/6
   131 | D:1      | Found a shattered altar of Ashenzari.
   153 | D:1      | Reached XP level 2. HP: 15/15 MP: 4/8
   185 | D:1      | Learned a level 2 spell: Ensorcelled Hibernation
   923 | D:2      | Reached XP level 3. HP: 18/19 MP: 7/10
  1125 | D:2      | Learned a level 3 spell: Confuse
  1129 | D:2      | Learned a level 3 spell: Tukima's Dance
  1895 | D:3      | Found an opulent altar of Gozag.
  2000 | D:3      | Slain by a worm

Skill      XL: |  1  2 |
---------------+-------+-----
Dodging        | 3 |  3.3
Stealth        | 4 |  4.0
Short Blades   | |  1.4
Spellcasting   | |  3.8
Hexes          | |  4.7

Action                   || total
-------------------------++-------
Melee: Dagger            ||    87
Throw: Tomahawk          ||     3
 Cast: Corona            ||    14
       Ensorcelled Hiber ||    14
       Confuse           ||     1
 Stab: Sleeping          ||    16
       Confused          ||     1
  Eat: Chunk             ||     3
Armor: Robe              ||    23
Dodge: Dodged            ||    61
